 Dungeon Crawl Stone Soup version 0.28-a0-834-g1a73be5ee4 (webtiles) character file.

Game seed: 14898292299436586875

43124 wakim the Basher (level 13, -1/113 HPs)
             Began as a Palentonga Fighter on Nov 11, 2021.
             Was a High Priest of Makhleb.
             Hit by a silver javelin thrown by a minotaur (17 damage)
             ... in a Gauntlet.
             The game lasted 00:56:38 (15587 turns).

wakim the Basher (Palentonga Fighter)              Turns: 15587, Time: 00:56:39

Health: -1/113     AC: 20    Str: 27    XL:     13   Next: 89%
Magic:  12/12      EV: 13    Int: 14    God:    Makhleb [*****.]
Gold:   861        SH: 19    Dex: 20    Spells: 12/12 levels left

rFire   . . .      SeeInvis +   a - +9 flail of Orhisun {speed, Fragile Int+4 Dex+9 SInv}
rCold   . . .      Faith    .   m - +2 kite shield
rNeg    + + +      Spirit   .   n - +0 steam dragon scales
rPois   +          Reflect  +   z - +0 hat {Will+}
rElec   +          Harm     .   q - +0 cloak {Will+}
rCorr   .          Rampage  .   o - +0 pair of gloves
Will    ++...      NoTele   +   p - +0 barding {Fly}
Stlth   +.........              d - amulet "Qothrucw" {Reflect rN+ SH+5}
HPRegen 0.28/turn               t - ring "Ydelovva" {rElec rPois rN++ MP-9 Stlth-}
MPRegen 0.13/turn               j - ring "Vymoanoe" {EV+4 Str+5}

@: flying, curled up
A: large, rugged brown scales 3, see invisible, deformed body, roll 1, armoured
tail, reflexive curl
a: Rolling Charge, Renounce Religion, Minor Destruction, Lesser Servant of
Makhleb, Major Destruction, Greater Servant of Makhleb


You were in a Gauntlet.
You worshipped Makhleb.
Makhleb was extremely pleased with you.
You visited 3 branches of the dungeon, and saw 17 of its levels.
You also visited: Gauntlet.

You collected 1035 gold pieces.
You spent 174 gold pieces at shops.

Inventory:

Hand Weapons
 a - the +9 flail of Orhisun (weapon) {speed, Fragile Int+4 Dex+9 SInv}
   (You found it on level 5 of the Dungeon)

   Attacks with this weapon are significantly faster.
   Int:       It affects your intelligence (+4).
   Dex:       It affects your dexterity (+9).
   SInv:      It lets you see invisible.
   Fragile:   It will be destroyed if unequipped.
 b - a +1 morningstar of venom
Missiles
 i - 6 curare-tipped darts {=f}
Armour
 k - a +1 hat
 m - a +2 kite shield (worn)
 n - +0 steam dragon scales (worn)
 o - a +0 pair of gloves (worn)
 p - a +0 barding of flying (worn)
 q - a +0 cloak of willpower (worn)
 u - a +1 leather armour of fire resistance
 z - a +0 hat of willpower (worn)
Jewellery
 d - the amulet "Qothrucw" (around neck) {Reflect rN+ SH+5}
   (You acquired it on level 2 of the Lair of Beasts)

   [amulet of reflection]

   It reflects blocked missile attacks.
   rN:        It protects you from negative energy.
   SH:        It affects your SH (+5).
 g - the ring "Zuicru" {Int+4 SInv Stlth+}
   (You took it off a kobold on level 10 of the Dungeon)

   [ring of see invisible]

   Int:       It affects your intelligence (+4).
   SInv:      It lets you see invisible.
   Stlth:     It makes you more stealthy.
 h - a ring of protection from fire
 j - the ring "Vymoanoe" (right hand) {EV+4 Str+5}
   (You acquired it on level 9 of the Dungeon)

   [ring of evasion]

   EV:        It affects your evasion (+4).
   Str:       It affects your strength (+5).
 s - a +6 ring of strength
 t - the ring "Ydelovva" (left hand) {rElec rPois rN++ MP-9 Stlth-}
   (You acquired it on level 10 of the Dungeon)

   [ring of poison resistance]

   rElec:     It insulates you from electricity.
   rPois:     It protects you from poison.
   rN:        It greatly protects you from negative energy.
   MP:        It affects your magic capacity (-9).
   Stlth:     It makes you less stealthy.
Wands
 v - a wand of flame (7)
 w - a wand of acid (3)
 x - a wand of charming (25)
 y - a wand of paralysis (21)
Scrolls
 c - a scroll of immolation {unknown}
 e - 2 scrolls of fear {unknown}
 f - a scroll of magic mapping {unknown}
 T - 7 scrolls of teleportation
 X - 4 scrolls of fog
 Y - 4 scrolls of blinking {!r}
 Z - a scroll of silence {!r}
Potions
 C - a potion of berserk rage {!q}
 D - 2 potions of brilliance
 E - 4 potions of cancellation
 F - 5 potions of curing
 G - 3 potions of flight
 H - 3 potions of haste
 I - 3 potions of invisibility
 J - a potion of heal wounds
 K - a potion of magic
 L - 3 potions of lignification {!q}
 M - 3 potions of mutation {!q}
 N - a potion of might
 O - a potion of resistance
Miscellaneous
 l - a condenser vane


   Skills:
 + Level 11.5 Fighting
 * Level 13.5 Maces & Flails
 + Level 4.1 Armour
 + Level 2.8 Dodging
 - Level 9.0 Shields
 + Level 10.8 Invocations


You had 12 spell levels left.
You didn't know any spells.
Your spell library contained the following spells:

 Spells                   Type           Power      Damage    Failure   Level
 Animate Skeleton         Necr           0%         N/A       28%         1
 Apportation              Tloc           0%         N/A       28%         1
 Pain                     Necr           0%         1d4       28%         1
 Summon Small Mammal      Summ           0%         N/A       28%         1
 Static Discharge         Conj/Air       0%         N/A       41%         2
 Ozocubu's Armour         Ice            0%         N/A       65%         3
 Dispel Undead            Necr           0%         3d6       96%         4
 Sticky Flame             Conj/Fire      0%         2d3       96%         4
 Agony                    Necr           0%         N/A       100%        5
 Excruciating Wounds      Necr           0%         N/A       100%        5
 Freezing Cloud           Conj/Ice/Air   0%         6-21      100%        5
 Lightning Bolt           Conj/Air       0%         1d11      100%        5
 Simulacrum               Ice/Necr       0%         N/A       100%        6
 Malign Gateway           Summ/Tloc      0%         N/A       100%        7
 Ozocubu's Refrigeration  Ice            0%         4d5       100%        7
 Maxwell's Capacitive Co  Air            0%         ∞         100%        8
 Summon Horrible Things   Summ           0%         N/A       100%        8
 Polar Vortex             Ice            0%         N/A       100%        9


Dungeon Overview and Level Annotations

Branches:
Dungeon (12/15)            Temple (1/1) D:6            Lair (4/6) D:8
  Swamp (0/4) Lair:2       Spider (0/4) Lair:2      Gauntlet (1/1)
    Orc: D:9-12

Altars:
Ashenzari
Dithmenos
Elyvilon
Gozag
Makhleb
Okawaru
Trog
Xom
The Shining One

Shops:
D:2 ?   D:7 *   D:11 *

Annotations:
D:9 1 runed translucent door
D:11 3 runed translucent doors, Gnu's ghost, journeyman MiFi
Lair:2 1 runed translucent door, t4s4d4r's ghost, journeyman DgCj Gauntlet 8 transporters, 17 runed translucent doors, exclusion: oklob plant


Innate Abilities, Weirdness & Mutations

You are completely covered in rugged brown scales. (AC +3, +7% HP)
You have supernaturally acute eyesight. (SInv)
Armour fits poorly on your strangely shaped body.
You can roll at nearby foes to attack.
You have a long armoured tail.
You curl defensively after being hit. (AC +7*)


Message History

Your hellwing hits the minotaur!
Your hellwing hits the minotaur but does no damage.
The minotaur throws a silver javelin.
The silver javelin barely misses you.
Your hellwing hits the minotaur but does no damage.
Your hellwing hits the minotaur.
The minotaur throws a silver javelin.
The silver javelin pierces through your neqoxec!
The silver sears your neqoxec!
Your neqoxec dies!
Your neqoxec disappears in a puff of smoke!
The silver javelin pierces through you!
* * * LOW HITPOINT WARNING * * *
* * * LOW HITPOINT WARNING * * *
Press: ? - help, Shift-Dir - straight line, f/p - minotaur
Aim: a minotaur, wearing a +3 plate armour of willpower and quivering silver javelins (heavily wounded, ally target)
The bolt of magma hits the minotaur!!
The minotaur is severely wounded.
The bolt of magma hits your hellwing!
Your hellwing is lightly wounded.
Your hellwing disappears in a puff of smoke!
Press: ? - help, Shift-Dir - straight line, f/p - minotaur
Aim: a minotaur, wearing a +3 plate armour of willpower and quivering silver javelins (severely wounded)
Okay, then.
A demon appears!
The minotaur hits your smoke demon!! The minotaur gores your smoke demon!
The minotaur hits your smoke demon!!
Your smoke demon dies!
Your smoke demon disappears in a puff of smoke!
Press: ? - help, Shift-Dir - straight line, f/p - minotaur
Aim: a minotaur, wearing a +3 plate armour of willpower and quivering silver javelins (severely wounded)
The bolt of magma hits the minotaur.
The minotaur is severely wounded.
The minotaur throws a silver javelin.
The silver javelin pierces through you!
* * * LOW HITPOINT WARNING * * *
* * * LOW HITPOINT WARNING * * *
Press: ? - help, Shift-Dir - straight line, f/p - minotaur
Aim: a minotaur, wearing a +3 plate armour of willpower and quivering silver javelins (severely wounded)
The bolt of magma hits the minotaur!
The minotaur is severely wounded.
The minotaur throws a silver javelin.
The silver javelin pierces through you!
You die...

..#.........#...#.#.#P#.#D#...###
..#....©.[..#...#DD?[©...D#.8.#..
..###########...###########...###
.................................
≈............≈∩≈.................
#################################
#8##≈.§.............≈##8# #8# #
####8.8.8..©.©..8.8.8#### ### #
#≈.........@.....≈#
#####.###H###.#####
###.###.###.### #.............#
#.###.###H###.# #.............#
#######'####### #.# ∩..


You could see a minotaur and 2 acid dragons.

Vanquished Creatures
  5 hydras
  A ghost crab (Gauntlet)
  A centaur warrior (D:9)
  A two-headed ogre (D:10)
  2 death yaks (Lair:4)
  An ice statue (Lair:3)
  Maurice (D:10)
  Joseph (D:10)
  4 cane toads
  2 kobold demonologists (D:10)
  A torpor snail (Gauntlet)
  A freezing wraith (Lair:3)
  4 komodo dragons
  A troll (D:8)
  A burning bush (Lair:1)
  3 polar bears (Lair:3)
  A meliai zombie (D:11)
  8 blink frogs
  2 redbacks (Lair:2)
  2 wraiths
  2 wyverns
  5 yaks (Lair:1)
  A basilisk (Lair:1)
  4 vampire mosquitoes (D:10)
  Menkaure (D:6)
  A steam dragon (D:7)
  A swamp worm (Lair:2)
  Duvessa (D:4)
  10 water moccasins
  7 ice beasts (Lair:3)
  A sky beast (D:6)
  An orc warrior (D:9)
  A black bear (D:8)
  A necrophage (D:7)
  2 ogres
  2 centaurs
  10 wolves (Lair:2)
  2 phantoms
  2 kobold brigands (D:10)
  11 bullfrogs
  5 scorpions
  A gnoll sergeant (D:6)
  Dowan (D:4)
  A wyvern skeleton (D:6)
  11 killer bees
  11 wights
  8 howler monkeys
  9 centaur zombies
  A centaur skeleton (D:5)
  A hound (D:6)
  A bullfrog zombie (D:7)
  Crazy Yiuf (D:4)
  A bullfrog skeleton (D:7)
  A gnoll shaman (D:8)
  A jelly (D:8)
  4 orc priests
  3 iguanas
  8 orc wizards
  3 killer bee zombies (D:7)
  A howler monkey zombie (D:11)
  19 gnolls
  A howler monkey skeleton (D:7)
  8 adders
  A shadow imp (D:8)
  2 white imps
  An ufetubus (D:4)
  2 adder skeletons (D:4)
  A worm (D:2)
  A dart slug (D:1)
  31 orcs
  3 bats (D:3)
  6 endoplasms
  2 giant cockroaches (D:1)
  9 goblins
  11 hobgoblins
  14 jackals
  A quokka (D:3)
  10 ball pythons
  7 frilled lizards
  17 kobolds
  8 rats
337 creatures vanquished.

Vanquished Creatures (collateral kills)
  Erolcha (D:10)
  A death yak (Lair:4)
  A black mamba (Lair:4)
  A kobold brigand (D:7)
  A gnoll sergeant (D:9)
  3 killer bees (D:10)
  2 kobolds (D:10)
10 creatures vanquished.

Vanquished Creatures (others)
  18 fungi
  22 plants
40 creatures vanquished.

Grand Total: 387 creatures vanquished

Notes
Turn   | Place    | Note
-------+----------+-------------------------------------------
     0 | D:1      | wakim the Palentonga Fighter began the quest for the Orb.
     0 | D:1      | Reached XP level 1. HP: 19/19 MP: 1/1
   142 | D:1      | Reached XP level 2. HP: 15/25 MP: 2/2
   987 | D:1      | Reached XP level 3. HP: 31/31 MP: 3/3
  1018 | D:1      | Found a faded altar of an unknown god.
  1096 | D:1      | Prayed at the altar of an unknown god.
  1096 | D:1      | Became a worshipper of Makhleb the Destroyer
  1096 | D:1      | Reached * piety under Makhleb
  1433 | D:2      | Reached skill level 3 in Maces & Flails
  1527 | D:2      | Found Aklam's Magic Scroll Shoppe.
  1536 | D:2      | Bought a scroll of identify for 24 gold pieces
  1545 | D:2      | Reached XP level 4. HP: 37/37 MP: 4/4
  1716 | D:2      | Reached skill level 1 in Invocations
  1769 | D:2      | Reached ** piety under Makhleb
  2126 | D:2      | Reached XP level 5. HP: 35/44 MP: 6/6
  2203 | D:3      | Reached skill level 4 in Maces & Flails
  3288 | D:4      | Noticed Dowan
  3469 | D:4      | Reached XP level 6. HP: 46/51 MP: 7/7
  3518 | D:4      | Noticed Duvessa
  3775 | D:4      | Reached *** piety under Makhleb
  4029 | D:4      | Found a runed translucent door.
  4030 | D:4      | Noticed Crazy Yiuf
  4041 | D:4      | Killed Crazy Yiuf
  4093 | D:5      | Entered Level 5 of the Dungeon
  4162 | D:5      | Reached skill level 5 in Maces & Flails
  4162 | D:5      | Gained mutation: You curl defensively after being hit. (AC
                  | +7*) [Palentonga growth]
  4162 | D:5      | Reached XP level 7. HP: 58/58 MP: 9/9
  4245 | D:5      | Identified the +9 flail of Orhisun {speed, Fragile Int+4
                  | Dex+9 SInv}
  4297 | D:5      | Reached skill level 5 in Fighting
  4429 | D:5      | Reached skill level 5 in Invocations
  4513 | D:5      | Found a glowing golden altar of the Shining One.
  4671 | D:5      | Found a broken altar of Ashenzari.
  5160 | D:5      | Reached XP level 8. HP: 49/67 MP: 12/12
  5249 | D:6      | Reached skill level 6 in Maces & Flails
  5260 | D:6      | Found a staircase to the Ecumenical Temple.
  5267 | Temple   | Entered the Ecumenical Temple
  5441 | D:6      | You fall into a shaft and drop 1 floor!
  5691 | D:7      | Reached **** piety under Makhleb
  5754 | D:7      | Reached skill level 7 in Maces & Flails
  5894 | D:7      | Found a shadowy altar of Dithmenos.
  5894 | D:7      | Found a bloodstained altar of Trog.
  5961 | D:7      | Found Caum's General Store.
  5972 | D:7      | Bought a scroll of blinking for 90 gold pieces
  5972 | D:7      | Bought a scroll of teleportation for 36 gold pieces
  6004 | D:7      | Found a shimmering altar of Xom.
  6238 | D:7      | Reached XP level 9. HP: 72/75 MP: 14/14
  6338 | D:7      | Reached skill level 8 in Maces & Flails
  6854 | D:2      | Bought a scroll of identify for 24 gold pieces
  6940 | D:4      | Killed Duvessa
  6944 | D:4      | Killed Dowan
  7038 | D:6      | Reached skill level 9 in Maces & Flails
  7044 | D:6      | Found a white marble altar of Elyvilon.
  7153 | D:6      | Noticed Menkaure
  7155 | D:6      | Killed Menkaure
  7866 | D:8      | Noticed a troll
  7878 | D:8      | Killed a troll
  7965 | D:8      | Found a staircase to the Lair.
  8926 | D:8      | Found an iron altar of Okawaru.
  9023 | D:9      | Reached XP level 10. HP: 82/85 MP: 16/16
  9028 | D:9      | Reached ***** piety under Makhleb
  9074 | D:9      | Reached skill level 10 in Maces & Flails
  9095 | D:9      | Identified a scroll of acquirement
  9095 | D:9      | Acquired the ring "Vymoanoe" {EV+4 Str+5}
  9173 | D:9      | Acquired a +0 barding of flying
  9365 | D:9      | Identified the +7 falchion of the Blessed Realm {holy, rC-
                  | Dex+5}
  9933 | D:9      | Found a runed translucent door.
  9933 | D:9      | Noticed a centaur warrior
  9934 | D:9      | Noticed a flayed ghost
  9938 | D:9      | Killed a centaur warrior
 10136 | D:10     | Entered Level 10 of the Dungeon
 10198 | D:10     | Noticed Joseph
 10207 | D:10     | Killed Joseph
 10248 | D:10     | Noticed a two-headed ogre
 10255 | D:10     | Killed a two-headed ogre
 10261 | D:10     | Identified the ring "Zuicru" {Int+4 SInv Stlth+}
 10334 | D:10     | Reached skill level 5 in Shields
 10363 | D:10     | Reached XP level 11. HP: 93/93 MP: 18/18
 10404 | D:10     | Noticed Maurice
 10409 | D:10     | Killed Maurice
 10410 | D:10     | Reached skill level 11 in Maces & Flails
 10444 | D:10     | Acquired the ring "Ydelovva" {rElec rPois rN++ MP-9 Stlth-}
 10475 | D:10     | Noticed Erolcha
 10486 | D:10     | Killed Erolcha
 11071 | D:11     | Reached skill level 10 in Invocations
 11489 | D:11     | Identified the +7 dagger "Ponkeagu" {holy, rElec}
 11737 | D:11     | Noticed a cacodemon
 12012 | D:11     | Found a runed translucent gate.
 12012 | D:11     | Found a runed translucent gate.
 12012 | D:11     | Found a runed translucent gate.
 12013 | D:11     | Found an opulent altar of Gozag.
 12013 | D:11     | Noticed a two-headed ogre
 12013 | D:11     | Noticed a centaur warrior
 12014 | D:11     | Found Fuuteumn's Assorted Antiques.
 12014 | D:11     | Noticed a catoblepas
 12015 | D:11     | Noticed Gnu's ghost (journeyman MiFi)
 12145 | Lair:1   | Entered Level 1 of the Lair of Beasts
 12967 | Lair:2   | Acquired the amulet "Qothrucw" {Reflect rN+ SH+5}
 13034 | Lair:2   | Reached skill level 10 in Fighting
 13531 | Lair:2   | Found a runed translucent door.
 13536 | Lair:2   | Identified the +9 trident "Ecanueh" {freeze, Drain rElec
                  | rN++ rCorr}
 13536 | Lair:2   | Noticed a spriggan rider
 13539 | Lair:2   | Noticed t4s4d4r's ghost (journeyman DgCj)
 13551 | Lair:2   | Noticed a four-headed hydra
 13580 | Lair:1   | Reached XP level 12. HP: 100/103 MP: 10/19
 13685 | Lair:2   | Found a hole to the Spider Nest.
 13859 | Lair:2   | Reached skill level 12 in Maces & Flails
 13923 | Lair:2   | Found a staircase to the Swamp.
 14015 | Lair:2   | Noticed a seven-headed hydra
 14023 | Lair:2   | Killed a seven-headed hydra
 14029 | Lair:2   | Killed a four-headed hydra
 14353 | Lair:3   | Noticed a five-headed hydra
 14374 | Lair:3   | Killed a five-headed hydra
 14589 | Lair:3   | Noticed a four-headed hydra
 14599 | Lair:3   | Killed a four-headed hydra
 15084 | Lair:4   | Noticed a death yak
 15085 | Lair:4   | Noticed a death yak
 15101 | Lair:4   | Killed a death yak
 15102 | Lair:4   | Noticed a death yak
 15114 | Lair:4   | Killed a death yak
 15115 | Lair:4   | Reached skill level 1 in Dodging
 15118 | Lair:4   | Killed a death yak
 15151 | Lair:4   | Found a gate leading to a gauntlet.
 15166 | Gauntlet | Entered a Gauntlet
 15166 | Gauntlet | Found a transporter.
 15166 | Gauntlet | Found a transporter.
 15167 | Gauntlet | Noticed a seven-headed hydra
 15263 | Gauntlet | Found a transporter.
 15264 | Gauntlet | Found a large runed translucent door.
 15265 | Gauntlet | Found a large runed translucent door.
 15266 | Gauntlet | Found a large runed translucent door.
 15266 | Gauntlet | Found a large runed translucent door.
 15266 | Gauntlet | Found a runed translucent door.
 15267 | Gauntlet | Found a large runed translucent door.
 15274 | Gauntlet | Found a transporter.
 15280 | Gauntlet | Found a transporter.
 15282 | Gauntlet | Found a transporter.
 15290 | Gauntlet | Found a large runed translucent door.
 15291 | Gauntlet | Found a large runed translucent door.
 15292 | Gauntlet | Found a large runed translucent door.
 15293 | Gauntlet | Found a runed translucent gate.
 15295 | Gauntlet | Found a transporter.
 15295 | Gauntlet | Noticed a ghost crab
 15318 | Gauntlet | Found a transporter.
 15343 | Gauntlet | Found a transporter.
 15401 | Gauntlet | Found a transporter.
 15405 | Gauntlet | Found a transporter.
 15407 | Gauntlet | Found a large runed translucent door.
 15408 | Gauntlet | Found a large runed translucent door.
 15409 | Gauntlet | Found a large runed translucent door.
 15409 | Gauntlet | Found a large runed translucent door.
 15409 | Gauntlet | Found a runed translucent door.
 15410 | Gauntlet | Found a large runed translucent door.
 15414 | Gauntlet | Found a large runed translucent door.
 15415 | Gauntlet | Found a large runed translucent door.
 15415 | Gauntlet | Found a large runed translucent door.
 15416 | Gauntlet | Found a runed translucent gate.
 15416 | Gauntlet | Found a runed translucent gate.
 15418 | Gauntlet | Found a transporter.
 15473 | Gauntlet | Killed a seven-headed hydra
 15474 | Gauntlet | Reached skill level 13 in Maces & Flails
 15518 | Gauntlet | Killed a ghost crab
 15554 | Gauntlet | Reached XP level 13. HP: 113/113 MP: 10/21
 15568 | Gauntlet | Noticed a minotaur
 15587 | Gauntlet | Hit by a silver javelin thrown by a minotaur

Illustrated notes

Levels and vault maps discovered:
D:1:      dpeg_arrival_simpleton_a, layout_basic,
          shapermc_ecumenical_altar_notcrosses
D:2:      layout_rooms, serial_shops, shop, cheibrodos_gnoll_hut
D:3:      layout_basic, hangedman_abyss_or_decor_stabs
D:4:      layout_cave_pools, minmay_misc_feat_doors,
          amcnicky_mini_rare_corridor_liquid, minmay_quantized, uniq_duvessa,
          uniq_crazy_yiuf_cottage
D:5:      layout_cave_pods, ashenzari_altar_1, tso_metal_star,
          chequers_serial_rivers_large_a, minmay_misc_feat_five
D:6:      layout_layer_cave, elyvilon_altar_3, minmay_temple_entry_slanted,
          uniq_menkaure
D:7:      layout_gridville, mainiacjoe_overflow_tiny_flanked,
          gammafunk_temple_overflow_wave, serial_shops, nicolae_shop_stone,
          grunt_ministairs_13, st_stairs_3, minmay_fractal_squares_gapless_5
D:8:      layout_loops_ring, okawaru_altar_gauntlet_db, lair_entry_dummy,
          serial_co_window_serial, co_window_paths_b,
          co_window_of_opportunity_a, co_window_corner_a, co_window_cross_1,
          co_window_cross_1, co_window_2corner, co_window_paths_c,
          co_window_2corner, co_window_corner_ca, co_window_corner_ca,
          co_window_broadway_b, glass_columns_a, glass_columns_a,
          glass_columns_b, glass_columns_a
D:9:      layout_roguey, minmay_liquid_box, minivault_13
D:10:     layout_basic, uniq_erolcha, uniq_maurice, uniq_joseph
D:11:     layout_basic, ebering_ghost_gozag, moated_statue
D:12:     layout_stronghold, david_orc_2, billiards_dpeg
Temple:   regret_index_temple_generic_petals
Lair:1:   layout_long_grid, evilmike_ambush [evilmike_ambush_outer_basic,
          evilmike_ambush_inner_basic]
Lair:2:   layout_misc_corridors, palyth_hydra_swamp_entry,
          spider_nest_entry_webs, ebering_ghost_funeral_grove, minivault_25
Lair:3:   layout_loops_ring, ice2_lemuel
Lair:4:   layout_cave_pods, gauntlet_entry_generic, worms_lemuel
Gauntlet: gammafunk_gauntlet_shortcut [nicolae_gauntlet_arena_quarters,
          minmay_gauntlet_arena_make_your_own_arena,
          gammafunk_gauntlet_arena_chambers, nicolae_gauntlet_arena_blocks,
          gammafunk_gauntlet_arena_crates, gammafunk_gauntlet_arena_grid,
          gauntlet_exit_hidden_loot]

Skill      XL: |  1  2  3  4  5  6  7  8  9 10 11 12 |
---------------+-------------------------------------+-----
Maces & Flails | 3 4 5 7 9 10 11 13 | 13.5
Invocations    | 1 2 3 5 7 8 9 10 | 10.8
Fighting       | 4 5 6 7 8 10 11 | 11.5
Shields        | 5 7 9 |  9.0
Armour         | 4 |  4.1
Dodging        | 2 |  2.8

Action                   |  1- 3 |  4- 6 |  7- 9 | 10-12 | 13-15 || total
-------------------------+-------+-------+-------+-------+-------++-------
Melee: Flail             |   105 |   182 |   182 |   365 |     1 ||   835
       Tailslap          |    15 |    25 |    36 |    83 |       ||   159
Invok: Minor Destruction |       |    12 |   108 |   157 |       ||   277
       Lesser Servant of |       |       |     1 |     9 |     2 ||    12
       Major Destruction |       |       |       |     6 |     3 ||     9
       Greater Servant o |       |       |       |     1 |       ||     1
 Abil: Rolling Charge    |    25 |    31 |    25 |    24 |       ||   105
Evoke: Wand              |       |       |       |     2 |       ||     2
  Use: Scroll            |     2 |     2 |     2 |    19 |       ||    25
       Potion            |       |       |       |     2 |       ||     2
 Stab: Distracted        |       |       |       |     1 |       ||     1
Armor: Scale mail        |    53 |    70 |    17 |       |       ||   140
       Chain mail        |       |       |    21 |       |       ||    21
       Steam dragon scal |       |       |     8 |    71 |     1 ||    80
Dodge: Dodged            |    41 |    54 |    29 |    62 |     1 ||   187
Block: Buckler           |    12 |    29 |    30 |     7 |       ||    78
       Kite shield       |       |       |       |   172 |     2 ||   174
       Reflection        |       |       |       |     2 |       ||     2

Table legend: (Time is in decaauts)
 A = Elapsed time spent in this place.
 B = Non-inter-level travel time spent in this place.
 C = Inter-level travel time spent in this place.
 D = Time resting spent in this place.
 E = Time spent auto-exploring this place.
 F = Levels seen in this place.
 G = Mean time per level.
                   A        B        C        D        E       F      G
               +--------+--------+--------+--------+--------+-----+--------+
         Total |  15522 |  14466 |   1056 |   1143 |  10307 |  18 |  862.3 |
       Dungeon |  12163 |  11175 |    988 |    866 |   8097 |  12 | 1013.6 |
        Temple |      1 |      1 |      0 |      0 |      0 |   1 |    1.0 |
          Lair |   2941 |   2873 |     68 |    277 |   1983 |   4 |  735.2 |
      Gauntlet |    415 |    415 |      0 |      0 |    226 |   1 |  415.0 |
               +--------+--------+--------+--------+--------+-----+--------+

Top non-repeatable levels by time:
     D:3: 1498 daAuts
     D:9: 1423 daAuts
     D:1: 1347 daAuts
     D:7: 1299 daAuts
     D:8: 1216 daAuts
  Lair:2: 1182 daAuts
     D:5: 1140 daAuts
     D:6: 1125 daAuts
    D:10: 1060 daAuts
  Lair:3: 866 daAuts
     D:4: 814 daAuts
  Lair:1: 796 daAuts
     D:2: 670 daAuts
    D:11: 564 daAuts
Gauntlet: 415 daAuts
